 Dungeon Crawl Stone Soup version 0.31-a0-948-gf5be29c462 (webtiles) character file.

Game seed: 1144799824236612708

511 Error4North the Ruffian (level 6, -4/76 HPs)
             Began as a Draconian Shapeshifter on Oct 21, 2023.
             Slain by an ogre
             ... wielding a +0 giant club
              (8 damage)
             ... on level 4 of the Dungeon.
             The game lasted 00:13:02 (2936 turns).

Error4North the Ruffian (Draconian Shapeshifter)    Turns: 2936, Time: 00:13:02

Health: -4/76      AC: 23    Str: 18    XL:     6   Next: 99%
Magic:  6/6        EV:  2    Int: 10    God:
Gold:   133        SH:  0    Dex: 11    Spells: 5/5 levels left

rFire   . .          .
                       - Unarmed
rCold   . . .        (no shield)
rNeg    . . .        (body armour unavailable)
rPois   +            (helmet currently unavailable)
rElec   .            (cloak currently unavailable)
rCorr   .            (gloves currently unavailable)
SInv    .            (boots currently unavailable)
Will    .....        (no amulet)
Stlth   +            (no ring)
HPRegen 0.32/turn    (no ring)
MPRegen 0.10/turn

%: no passive effects
@: tree-form
A: stationary, stasis, torment immunity, boosted hp, AC +6, unfitting armour,
(cold-blooded)
a: no special abilities


You were on level 4 of the Dungeon.
You were a tree.
You visited 1 branch of the dungeon, and saw 4 of its levels.

You collected 133 gold pieces.

Inventory:

Talismans
 b - a beast talisman
 c - a flux talisman
Wands
 k - a wand of charming (8)
Scrolls
 d - a scroll of acquirement {unknown}
 e - 3 scrolls of teleportation
 g - 2 scrolls of summoning {unknown}
 h - a scroll of torment {unknown}
 i - 5 scrolls of identify {unknown}
 j - a scroll of vulnerability
 l - 3 scrolls of fear {unknown}
 m - a scroll of amnesia {unknown}


   Skills:
 * Level 3.5 Fighting
 + Level 3.3 Dodging
 + Level 1.0 Stealth
 + Level 4.8 Unarmed Combat
 * Level 4.7 Shapeshifting


You had 5 spell levels left.
You didn't know any spells.
Your spell library contained the following spells:

 Spells                   Type           Power      Damage    Failure   Level
 Dazzling Flash           Conj/Hex       0%         N/A       75%         3
 Cause Fear               Hex            0%         N/A       98%         4
 Agony                    Necr           0%         N/A       100%        5
 Fireball                 Conj/Fire      0%         3d3       100%        5
 Silence                  Hex/Air        0%         N/A       100%        5
 Dragon's Call            Summ           0%         N/A       100%        9


Dungeon Overview and Level Annotations

Branches:
Dungeon (4/15)
 Temple: D:4-7

Altars:

Shops:
D:2 ?


Innate Abilities, Weirdness & Mutations

You are a tree.
Your roots penetrate the ground, keeping you stationary.
You cannot be teleported.
You are immune to unholy pain and torment.
Your maximum health is greatly increased.
Your equipment is partially melded.
((Your plain brown scales are hard. (AC +6)))
You cannot fit into any form of body armour.
((You are cold-blooded and may be slowed by cold attacks.))


Message History

The cerulean imp hits you but does no damage.
Natasha casts a spell at you. You resist with some effort.
You hit Natasha.
Your tail-slap misses Natasha.
Natasha is severely wounded.
The cerulean imp hits you from afar with a +1 spear.
Natasha closely misses you.
You punch Natasha!
You kill Natasha!
Natasha yowls pathetically as she dies!
The cerulean imp disappears in a puff of smoke!
There is a stone staircase leading up here.
You feel yourself speed up.
You now have 133 gold pieces (gained 15).
l - 3 scrolls labelled BOUREW LAELARO You start resting.
An iguana comes into view.
You start resting.
HP restored.
The ogre shouts!
The ogre hits you with a +0 giant club!!
Ouch! That really hurt!
You barely miss the ogre. You hit the ogre.
The ogre is lightly wounded.
The ogre barely misses you. The ogre attacks as it pursues you!
The ogre hits you with a +0 giant club!!
* * * LOW HITPOINT WARNING * * *
Your transformation has ended.
You turn into a tree.
Your roots penetrate the ground.
As you read the scroll labelled GEACIUM SUPT, it crumbles to dust.
You hear a loud clanging noise!
It was a scroll of noise.
You hear an angry hiss. x2; You hear a shout! x2; You hear an angry hiss.
The ogre hits you but does no damage.
You closely miss the ogre.
The ogre is lightly wounded.
The ogre hits you with a +0 giant club!
You die...

...# # ..# ...# # ##..
..... # ####..# #.##
##.#....### ....# #.#
#......##.# ... ..###
..........#
##.###..#.# ##......##
#..##......
#...O♣...###..........
##......###.........#.
#.#.#.......(.....###
######.............##
#.............##
##........<......
#................
#....#.......##[.
l....#####..........


You could see an ogre.

Vanquished Creatures
  Sigmund (D:3)
  A steam dragon (D:4)
  2 orc wizards (D:3)
  Natasha (twice) (D:4)
  4 gnolls
  4 adders
  An orc (D:3)
  7 ball pythons
  5 bats
  2 endoplasms
  4 goblins
  5 hobgoblins
  10 jackals
  3 kobolds
  3 quokkas (D:3)
  A frilled lizard (D:1)
  3 rats (D:1)
58 creatures vanquished.

Vanquished Creatures (collateral kills)
  A kobold (D:4)
1 creature vanquished.

Vanquished Creatures (others)
  A goblin (D:4)
1 creature vanquished.

Grand Total: 60 creatures vanquished

Notes
Turn   | Place    | Note
-------+----------+-------------------------------------------
     0 | D:1      | Error4North the Draconian Shapeshifter began the quest for
                  | the Orb.
     0 | D:1      | Reached XP level 1. HP: 16/16 MP: 1/1
   196 | D:1      | Reached XP level 2. HP: 23/23 MP: 2/2
   436 | D:1      | Reached XP level 3. HP: 28/28 MP: 3/3
   821 | D:2      | Found Kaoje's Magic Scroll Shop.
  1240 | D:3      | Noticed Sigmund
  1252 | D:3      | Reached XP level 4. HP: 25/36 MP: 4/4
  1615 | D:3      | Killed Sigmund
  1616 | D:3      | Reached XP level 5. HP: 31/44 MP: 5/5
  2125 | D:2      | Reached XP level 6. HP: 39/50 MP: 6/6
  2400 | D:4      | Noticed Natasha
  2491 | D:4      | Noticed a steam dragon
  2614 | D:4      | Killed Natasha
  2626 | D:4      | Killed a steam dragon
  2627 | D:4      | Reached skill level 1 in Stealth
  2628 | D:4      | Noticed Natasha
  2852 | D:4      | Killed Natasha
  2933 | D:4      | HP: 2/51 [ogre/+0 giant club (20)]
  2936 | D:4      | Slain by an ogre

Illustrated notes

Levels and vault maps discovered:
D:1:      minmay_arrival_shattered_statue, layout_basic, minmay_tetromino_s4
D:2:      layout_rooms, serial_shops, shop
D:3:      layout_rooms, uniq_sigmund
D:4:      layout_cave_pools, uniq_natasha

Skill      XL: |  1  2  3  4  5  6 |
---------------+-------------------+-----
Dodging        | 2 3 |  3.3
Fighting       | 2 3 |  3.5
Shapeshifting  | 4 |  4.7
Unarmed Combat | 4 |  4.8
Stealth        | 1 |  1.0

Action                     |  1- 3 |  4- 6 || total
---------------------------+-------+-------++-------
  Melee: Unarmed           |    70 |   137 ||   207
         Tailslap          |     5 |    15 ||    20
         Punch             |       |     4 ||     4
  Evoke: Wand              |       |     1 ||     1
    Use: Potion            |       |     4 ||     4
         Scroll            |       |     3 ||     3
   Stab: Sleeping          |     1 |     1 ||     2
         Distracted        |       |     1 ||     1
 Armour: Skin              |    51 |   103 ||   154
  Dodge: Dodged            |    53 |    97 ||   150

Table legend: (Time is in decaauts)
 A = Elapsed time spent in this place.
 B = Non-inter-level travel time spent in this place.
 C = Inter-level travel time spent in this place.
 D = Time resting spent in this place.
 E = Time spent auto-exploring this place.
 F = Levels seen in this place.
 G = Mean time per level.
                   A        B        C        D        E       F      G
               +--------+--------+--------+--------+--------+-----+--------+
         Total |   2935 |   2906 |     29 |    613 |   1426 |   4 |  733.8 |
       Dungeon |   2935 |   2906 |     29 |    613 |   1426 |   4 |  733.8 |
               +--------+--------+--------+--------+--------+-----+--------+

Top non-repeatable levels by time:
     D:3: 1114 daAuts
     D:2: 794 daAuts
     D:1: 766 daAuts
     D:4: 259 daAuts
